 Dungeon Crawl Stone Soup version 0.27-a0-661-gca034ae587 (webtiles) character file.

Game seed: 10295143798701521219

154 Dreamer the Insei (level 5, 0/33 HPs)
             Began as an Octopode Transmuter on Mar 17, 2021.
             Was an Initiate of Cheibriados.
             Slain by an ogre
             ... wielding a +0 giant club
              (7 damage)
             ... on level 3 of the Dungeon.
             The game lasted 00:09:29 (3643 turns).

Dreamer the Insei (Octopode Transmuter)             Turns: 3643, Time: 00:09:29

Health: 0/33       AC:  1    Str: 12    XL:     5   Next: 35%
Magic:  8/8        EV: 13    Int: 16    God:    Cheibriados [......]
Gold:   28         SH:  0    Dex: 13    Spells: 7/8 levels left

rFire    . . .     SeeInvis +     - Unarmed
rCold    . . .     Faith    .   (no shield)
rNeg     . . .     Spirit   .   (helmet restricted)
rPois    .         Reflect  .   (no amulet)
rElec    .         Harm     .   e - ring of flight
rCorr    .         Rampage  .   i - ring of see invisible
Will     .....                  (no ring)
Stlth    ++........             (no ring)
HPRegen  0.11/turn              (no ring)
MPRegen  0.11/turn              (no ring)
                                (no ring)
                                (no ring)

@: very slow
A: almost no armour, amphibious, 8 rings, camouflage 1, gelatinous body 1,
nimble swimmer 1, tentacles
a: Renounce Religion, Evoke Flight, Bend Time


You were on level 3 of the Dungeon.
You worshipped Cheibriados.
Cheibriados was noncommittal.
You visited 1 branch of the dungeon, and saw 4 of its levels.

You collected 28 gold pieces.

Inventory:

Jewellery
 e - a ring of flight (left tentacle)
 i - a ring of see invisible (right tentacle)
Scrolls
 a - 2 scrolls of identify {unknown}
 b - a scroll of magic mapping {unknown}
 f - 2 scrolls of enchant armour {unknown}
 h - 2 scrolls of teleportation {unknown}
Potions
 c - a potion of degeneration {unknown}
 d - a potion of haste {unknown}
 g - a potion of curing {unknown}


   Skills:
 - Level 1.0 Fighting
 - Level 2.0 Dodging
 + Level 5.9 Unarmed Combat
 - Level 2.0 Spellcasting
 - Level 2.0 Transmutations


You had 7 spell levels left.
You knew the following spells:

 Your Spells              Type           Power      Damage    Failure   Level
a - Beastly Appendage     Tmut           16%        N/A       9%          1

Your spell library contained the following spells:

 Spells                   Type           Power      Damage    Failure   Level
 Wereblood                Tmut           8%         N/A       14%         2
 Spider Form              Tmut/Pois      2%         N/A       38%         3
 Ice Form                 Ice/Tmut       4%         N/A       80%         4
 Blade Hands              Tmut           4%         N/A       94%         5


Dungeon Overview and Level Annotations

Branches:
Dungeon (4/15)
 Temple: D:4-7

Altars:
Cheibriados
Elyvilon
Zin


Innate Abilities, Weirdness & Mutations

You cannot wear most types of armour.
You are amphibious.
You can wear up to eight rings at the same time.
Your skin changes colour to match your surroundings (Stealth+).
Your rubbery body absorbs attacks. (AC +1, EV +1)
You are stealthy while swimming. (Stealth+)
You have tentacles for arms and can constrict up to eight enemies at once.


Message History

Done exploring.
(D) Dungeon
Where to? (Enter - D:3, ? - help)
There is a stone staircase leading down here.
You climb downwards.
A leopard gecko, a worker ant and a scorpion come into view.
The leopard gecko hisses angrily.
Found a hardcover book.
There is a stone staircase leading up here.
There are no items here.
The leopard gecko bites you.
You climb upwards.
There is a stone staircase leading down here.
You barely miss the leopard gecko. You grab the leopard gecko.
You constrict the leopard gecko. The leopard gecko closely misses you.
You bludgeon the leopard gecko!
You kill the leopard gecko!
Cheibriados appreciates the change of pace.
There is a stone staircase leading down here.
You can't go up here!
You climb downwards.
Found 20 gold pieces and a club.
There is a stone staircase leading up here.
Found 16 sling bullets and 15 stones.
An ogre comes into view. It is wielding a +0 giant club.
A howler monkey comes into view.
The ogre shouts!
The howler monkey moves out of view.
There is a stone staircase leading up here.
The ogre hits you with a +0 giant club!!
Ouch! That really hurt!
* * * LOW HITPOINT WARNING * * *
You climb upwards.
There is a stone staircase leading down here.
The ogre closely misses you. The ogre barely misses you.
The ogre hits you with a +0 giant club.
* * * LOW HITPOINT WARNING * * *
The ogre hits you with a +0 giant club!
You die...

..##.# #..........# ...#.###
#.....(....# ##.#...#
#.........## .....#.##
#.#........#
#.##.#..#####.#####.##.###
#.##..#........# #..[....#
#...#.######.#.###...#.#.###
###....##........#..##.#...#
###.........#.@O.###.###.#
###..........#.........#
#.#.......>.......####
###.#.....#.........###
###........(#...........#
###...#.#.....####.######.##
....###.########...# #..#
##### #.....####.### ##.#
#####......# #.###


You could see an ogre.

Vanquished Creatures
  A centaur zombie (D:3)
  3 adders
  An ooze (D:3)
  A worm (D:2)
  2 dart slugs (D:1)
  2 leopard geckos
  3 orcs (D:3)
  7 giant cockroaches
  9 goblins
  14 hobgoblins
  2 jackals (D:1)
  A ball python (D:3)
  7 bats
  2 frilled lizards (D:2)
  8 kobolds
  10 rats
73 creatures vanquished.

Notes
Turn   | Place    | Note
-------+----------+-------------------------------------------
     0 | D:1      | Dreamer the Octopode Transmuter began the quest for the
                  | Orb.
     0 | D:1      | Reached XP level 1. HP: 13/13 MP: 3/3
   406 | D:1      | Reached XP level 2. HP: 18/18 MP: 5/5
   568 | D:1      | Reached skill level 4 in Unarmed Combat
   682 | D:1      | Reached XP level 3. HP: 23/23 MP: 6/6
  1001 | D:1      | You fall into a shaft and drop 1 floor!
  1392 | D:2      | Found a white marble altar of Elyvilon.
  1910 | D:2      | Reached XP level 4. HP: 10/28 MP: 5/7
  2529 | D:2      | Reached skill level 5 in Unarmed Combat
  2774 | D:3      | Found a glowing silver altar of Zin.
  2859 | D:3      | Reached XP level 5. HP: 18/33 MP: 6/8
  2997 | D:3      | Found a snail-covered altar of Cheibriados.
  3013 | D:3      | Became a worshipper of Cheibriados the Contemplative
  3625 | D:4      | Noticed an ogre
  3643 | D:3      | Slain by an ogre

Illustrated notes

Levels and vault maps discovered:
D:1:      lightli_arrival_statue_moat, layout_basic
D:2:      layout_loops_cross, nicolae_overflow_hidden_temple
D:3:      layout_rooms, cheibriados_altar_1, lemuel_round_altar,
          kennysheep_generic_room_10
D:4:      layout_gridville, kennysheep_little_box

Skill      XL: |  1  2  3  4 |
---------------+-------------+-----
Unarmed Combat | 4 5 |  5.9
Fighting       | |  1.0
Dodging        | |  2.0
Spellcasting   | |  2.0
Transmutations | |  2.0

Action                   |  1- 3 |  4- 6 || total
-------------------------+-------+-------++-------
Melee: Unarmed           |    80 |    71 ||   151
       Constrict         |    27 |    16 ||    43
       Tentacles         |    15 |    14 ||    29
       Kick              |     1 |     8 ||     9
       Punch             |     1 |     3 ||     4
 Cast: Beastly Appendage |     2 |     5 ||     7
 Stab: Sleeping          |    10 |     5 ||    15
Armor: Skin              |    11 |     3 ||    14
Dodge: Dodged            |    34 |    29 ||    63

Table legend: (Time is in decaauts)
 A = Elapsed time spent in this place.
 B = Non-inter-level travel time spent in this place.
 C = Inter-level travel time spent in this place.
 D = Time resting spent in this place.
 E = Time spent auto-exploring this place.
 F = Levels seen in this place.
 G = Mean time per level.
                   A        B        C        D        E       F      G
               +--------+--------+--------+--------+--------+-----+--------+
         Total |   3738 |   3656 |     82 |    114 |   3001 |   4 |  934.5 |
       Dungeon |   3738 |   3656 |     82 |    114 |   3001 |   4 |  934.5 |
               +--------+--------+--------+--------+--------+-----+--------+

Top non-repeatable levels by time:
     D:2: 1439 daAuts
     D:1: 1324 daAuts
     D:3: 961 daAuts
     D:4: 13 daAuts
